Flames vs Bruins

Created - Wednesday, March 02, 2016 at 02:51

Goals
1 2 3 T
Flames 0 2 1 3
Bruins 0 1 1 2
Shots
1 2 3 T
Flames 13 7 13 33
Bruins 0 11 13 24

1st period

No Goal

Penalties :
Matt Hendricks (Bos) for Tripping (Minor) at 4:40, Jim Slater (Bos) for Tripping (Minor) at 14:54

2nd period

1. Flames , TJ Brodie 3 (Johnny Gaudreau, Sean Monahan) at 1:25 (PP)
2. Flames , Brian Campbell 8 (Martin St. Louis, Antti Niemi) at 7:46 (PP)
3. Bruins , Anton Lander 8 (Matt Hendricks) at 19:44 (SH)

Penalties :
Alex Killorn (Bos) for Holding (Minor) at 1:18, Jim Slater (Bos) for Interference (Minor) at 6:14, Chris Kunitz (Cal) for Interference (Minor) at 8:50, Nick Holden (Bos) for Boarding (Minor) at 12:26, Shea Weber (Bos) for Tripping (Minor) at 18:03

3rd period

4. Flames , Jason Spezza 23 (Jason Pominville) at 8:44 (PP)
5. Bruins , Cody Eakin 12 (Alex Killorn) at 11:38 (PP)

Penalties :
Jeff Petry (Bos) for Tripping (Minor) at 1:37, Tommy Wingels (Bos) for Roughing (Minor) at 7:56, Henrik Sedin (Cal) for Holding (Minor) at 11:34

Goalie Stats

Antti Niemi (Cal), 22 saves from 24 shots - (0.917), W, 32-8-5, 60:00 minutes
Semyon Varlamov (Bos), 30 saves from 33 shots - (0.909), L, 22-22-4, 59:09 minutes

Players Stats for Flames

Player Name              G  A  P  +/- PIM S  H  SB GA TA FO     MP     PP MP  PK MP  
------------------------------------------------------------------------------------
Brian Campbell           1  0  1   0  0   1  2  0  0  1  0/0    24:12   5:51   1:02 
Brian Gionta             0  0  0   0  0   1  1  0  2  0  0/0    11:58   0:00   0:59 
Chris Kunitz             0  0  0   0  2   4  4  0  1  0  0/0    11:05   0:00   0:00 
David Savard             0  0  0   0  0   1  3  0  0  4  0/0    16:48   0:00   1:01 
Dougie Hamilton          0  0  0   0  0   3  1  1  0  0  0/0    23:22   5:51   0:00 
Erik Cole                0  0  0   0  0   0  0  0  1  1  0/0    10:53   0:00   0:00 
Henrik Sedin             0  0  0   0  2   0  0  0  1  0  5/10   13:08   0:00   1:04 
Jaden Schwartz           0  0  0  -1  0   4  5  0  2  1  0/0    19:05   5:43   0:00 
Jason Pominville         0  1  1  -1  0   5  0  0  2  0  0/0    16:39   5:43   0:00 
Jason Spezza             1  0  1  -1  0   5  0  0  6  0  10/14  18:06   5:43   0:00 
John Klingberg           0  0  0  -1  0   0  3  3  0  0  0/0    18:48   6:31   0:00 
Johnny Gaudreau          0  1  1   0  0   1  2  0  7  0  0/1    16:47   6:39   0:00 
Kris Russell             0  0  0   0  0   1  1  0  0  0  0/0    15:09   0:00   1:02 
Martin St. Louis         0  1  1   0  0   1  2  0  4  0  0/1    19:13   6:39   0:00 
Mikael Backlund          0  0  0   0  0   0  2  0  0  0  4/6    11:58   0:00   0:59 
Sean Monahan             0  1  1   0  0   2  0  1  0  1  5/15   16:47   6:39   0:00 
Shane Doan               0  0  0   0  0   1  3  1  2  1  0/0    12:16   0:00   1:04 
TJ Brodie                1  0  1  -1  0   3  2  3  0  3  0/0    21:41   6:31   1:01 

Players Stats for Bruins

Player Name              G  A  P  +/- PIM S  H  SB GA TA FO     MP     PP MP  PK MP  
------------------------------------------------------------------------------------
Alex Killorn             0  1  1   0  2   3  0  0  1  0  0/0    21:59   1:17   7:42 
Anton Lander             1  0  1   1  0   3  1  0  0  1  1/5    15:29   0:00   0:54 
Anze Kopitar             0  0  0   0  0   3  1  1  2  1  12/27  24:10   0:46   6:19 
Cody Eakin               1  0  1   0  0   3  1  0  0  0  5/7    18:00   1:17   3:39 
Dan O'Donoghue           0  0  0   0  0   0  0  0  0  0  0/0     5:50   0:00   0:00 
Jeff Petry               0  0  0   1  2   1  0  0  0  0  0/0    19:28   1:59   3:31 
Jim Slater               0  0  0   0  4   0  0  0  0  1  2/5     5:53   0:00   0:00 
Jiri Sekac               0  0  0   0  0   2  3  0  0  1  0/0    12:39   0:00   0:00 
Leon Draisaitl           0  0  0   0  0   0  0  0  0  0  0/0     0:00   0:00   0:00 
Matt Duchene             0  0  0   0  0   2  2  0  4  1  2/2    17:17   0:46   3:39 
Matt Hendricks           0  1  1   1  2   0  4  1  0  0  1/1    15:55   0:00   2:31 
Mikkel Boedker           0  0  0   0  0   1  0  1  2  0  0/0    15:19   0:46   0:00 
Mirco Mueller            0  0  0   0  0   0  0  2  0  1  0/0     9:16   1:59   0:00 
Nate Guenin              0  0  0   0  0   1  0  1  0  0  0/0    12:28   0:00   2:11 
Nick Holden              0  0  0   1  2   1  3  2  1  1  0/0    25:04   0:04   3:27 
Paul Martin              0  0  0   0  0   1  0  0  0  1  0/0    25:29   0:00   8:23 
Shea Weber               0  0  0   0  2   3  3  1  1  5  0/0    29:23   0:04   7:12 
Tommy Wingels            0  0  0   0  2   0  0  0  3  0  0/0    13:51   1:17   0:00 

3 Stars

1 - Anton Lander (Bos)
2 - Brian Campbell (Cal)
3 - TJ Brodie (Cal)

Power Play

Flames - 3 on 8 Attempt(s) - 37.50%
Bruins - 1 on 2 Attempt(s) - 50.00%

Penalty Kill

Flames - 1 on 2 Attempt(s) - 50.00% - Score 0 goal in Penalty Kill
Bruins - 5 on 8 Attempt(s) - 62.50% - Score 1 goal in Penalty Kill

Team Stat

Flames - Hits : 31 - Faceoff Wins : 24 - Blocked Shots : 9 - Penalty Minutes : 4
Bruins - Hits : 18 - Faceoff Wins : 23 - Blocked Shots : 9 - Penalty Minutes : 16

Official

Referees : Unknown
Linesman : Unknown

Game Notes

No Game Note

Finance

Level 1 -- Attendance: 5321 (88.68%) -- Ticket Income $425,680
Level 2 -- Attendance: 5000 (100.00%) -- Ticket Income $265,000
Level 3 -- Attendance: 1974 (98.70%) -- Ticket Income $55,272
Level 4 -- Attendance: 4000 (100.00%) -- Ticket Income $68,000
Luxury Box -- Attendance: 930 (93.00%) -- Ticket Income $163,680
Game was played at the TD Banknorth Garden.
Total Attendance: 17225 (95.69%)
Total Ticket Income: $977,632
Other Income: $479,040
Total Income: $1,456,672

Flames

5 vs 5 Forward 
   Center                   Left Wing                Right Wing               Time % Phy DF OF 
 1 Henrik Sedin             Jaden Schwartz           Martin St. Louis         28     0   1  4  
 2 Sean Monahan             Johnny Gaudreau          Jason Pominville         25     0   1  4  
 3 Jason Spezza             Chris Kunitz             Erik Cole                25     1   1  3  
 4 Mikael Backlund          Shane Doan               Brian Gionta             22     1   1  3  

5 vs 5 Defense 
   Defense                  Defense                                           Time % Phy DF OF 
 1 TJ Brodie                John Klingberg                                    32     0   2  3  
 2 Kris Russell             Dougie Hamilton                                   30     0   2  3  
 3 Brian Campbell           David Savard                                      28     1   2  2  
 4 TJ Brodie                Dougie Hamilton                                   10     0   2  3  

PowerPlay Forward 
   Center                   Left Wing                Right Wing               Time % Phy DF OF 
 1 Jason Spezza             Jaden Schwartz           Jason Pominville         50     0   0  5  
 2 Sean Monahan             Johnny Gaudreau          Martin St. Louis         50     0   0  5  

PowerPlay Defense
   Defense                  Defense                                           Time % Phy DF OF 
 1 Brian Campbell           Dougie Hamilton                                   50     0   1  4  
 2 TJ Brodie                John Klingberg                                    50     0   1  4  

Penalty Kill 4 Players Forward 
   Center                   Wing                     Time % Phy DF OF 
 1 Mikael Backlund          Brian Gionta             50     0   5  0  
 2 Henrik Sedin             Shane Doan               50     0   5  0  

Penalty Kill 4 Players Defense
   Defense                  Defense                  Time % Phy DF OF 
 1 TJ Brodie                David Savard             50     0   5  0  
 2 Kris Russell             Brian Campbell           50     0   5  0  

Penalty Kill - 3 Players Forward 
   Forward                                           Time % Phy DF OF 
 1 Henrik Sedin                                      55     0   5  0  
 2 Mikael Backlund                                   45     0   5  0  

Penalty Kill - 3 Players Defense
   Defense                  Defense                  Time % Phy DF OF 
 1 TJ Brodie                Brian Campbell           50     0   5  0  
 2 Kris Russell             David Savard             50     0   5  0  

4 vs 4 Forward 
   Center                   Wing                     Time % Phy DF OF 
 1 Henrik Sedin             Jaden Schwartz           50     0   2  3  
 2 Sean Monahan             Johnny Gaudreau          50     0   2  3  

4 vs 4 Defense
   Defense                  Defense                  Time % Phy DF OF 
 1 TJ Brodie                Dougie Hamilton          50     1   2  2  
 2 Kris Russell             John Klingberg           50     1   2  2  

Last Minutes Offensive
   Center                   Left Wing                Right Wing               Defense                  Defense                  
   Henrik Sedin             Jaden Schwartz           Johnny Gaudreau          John Klingberg           Dougie Hamilton          

Last Minutes Defensive
   Center                   Left Wing                Right Wing               Defense                  Defense                  
   Mikael Backlund          Shane Doan               Brian Gionta             TJ Brodie                David Savard             

Goaltenders
Starting : Antti Niemi              
Backup : James Reimer             

Extra Forwards
Normal : Chris Kunitz, Shane Doan, Erik Cole - PP : Henrik Sedin, Chris Kunitz - PK : Erik Cole
Extra Defensemen
Normal : Brian Campbell, David Savard, Kris Russell - PP : Brian Campbell - PK : Dougie Hamilton, Brian Campbell
Penalty Shots
Chris Kunitz, Sean Monahan, Jason Pominville, Jason Spezza, Johnny Gaudreau

Bruins

5 vs 5 Forward 
   Center                   Left Wing                Right Wing               Time % Phy DF OF 
 1 Anze Kopitar             Jiri Sekac               Matt Duchene             40     1   2  2  
 2 Cody Eakin               Alex Killorn             Tommy Wingels            30     1   2  2  
 3 Anton Lander             Mikkel Boedker           Matt Hendricks           25     1   2  2  
 4 Jim Slater               Dan O'Donoghue           Anze Kopitar             5      1   2  2  

5 vs 5 Defense 
   Defense                  Defense                                           Time % Phy DF OF 
 1 Shea Weber               Paul Martin                                       35     1   2  2  
 2 Jeff Petry               Nick Holden                                       30     1   2  2  
 3 Nick Holden              Nate Guenin                                       22     1   2  2  
 4 Mirco Mueller            Shea Weber                                        13     1   2  2  

PowerPlay Forward 
   Center                   Left Wing                Right Wing               Time % Phy DF OF 
 1 Anze Kopitar             Mikkel Boedker           Matt Duchene             60     1   2  2  
 2 Cody Eakin               Alex Killorn             Tommy Wingels            40     1   2  2  

PowerPlay Defense
   Defense                  Defense                                           Time % Phy DF OF 
 1 Shea Weber               Nick Holden                                       60     1   2  2  
 2 Jeff Petry               Mirco Mueller                                     40     1   2  2  

Penalty Kill 4 Players Forward 
   Center                   Wing                     Time % Phy DF OF 
 1 Anze Kopitar             Alex Killorn             60     1   2  2  
 2 Matt Duchene             Cody Eakin               40     1   2  2  

Penalty Kill 4 Players Defense
   Defense                  Defense                  Time % Phy DF OF 
 1 Shea Weber               Paul Martin              60     1   2  2  
 2 Jeff Petry               Nick Holden              40     1   2  2  

Penalty Kill - 3 Players Forward 
   Forward                                           Time % Phy DF OF 
 1 Anze Kopitar                                      60     1   2  2  
 2 Matt Duchene                                      40     1   2  2  

Penalty Kill - 3 Players Defense
   Defense                  Defense                  Time % Phy DF OF 
 1 Shea Weber               Nate Guenin              60     1   2  2  
 2 Jeff Petry               Mirco Mueller            40     1   2  2  

4 vs 4 Forward 
   Center                   Wing                     Time % Phy DF OF 
 1 Anze Kopitar             Anton Lander             60     1   2  2  
 2 Matt Duchene             Cody Eakin               40     1   2  2  

4 vs 4 Defense
   Defense                  Defense                  Time % Phy DF OF 
 1 Shea Weber               Nick Holden              60     1   2  2  
 2 Jeff Petry               Paul Martin              40     1   2  2  

Last Minutes Offensive
   Center                   Left Wing                Right Wing               Defense                  Defense                  
   Anze Kopitar             Jiri Sekac               Matt Duchene             Shea Weber               Paul Martin              

Last Minutes Defensive
   Center                   Left Wing                Right Wing               Defense                  Defense                  
   Anze Kopitar             Jiri Sekac               Matt Duchene             Shea Weber               Paul Martin              

Goaltenders
Starting : Semyon Varlamov          
Backup : Cam Talbot               

Extra Forwards
Normal : Mikkel Boedker, Anton Lander, Matt Hendricks - PP : Mikkel Boedker, Anton Lander - PK : Matt Hendricks
Extra Defensemen
Normal : Nick Holden, Nate Guenin, Mirco Mueller - PP : Nick Holden - PK : Nate Guenin, Mirco Mueller
Penalty Shots
Anze Kopitar, Matt Hendricks, Matt Duchene, Cody Eakin, Alex Killorn

% Time on Ice - Flames

Lines # - Real PCT - Wanted PCT - Time Play
Normal Forward
1 - 30% - 28% - 13:22
2 - 23% - 25% - 10:21
3 - 24% - 25% - 10:53
4 - 23% - 22% - 10:31
Normal Defense
1 - 34% - 32% - 15:17
2 - 29% - 30% - 13:17
3 - 34% - 28% - 15:14
4 - 3% - 10% - 1:19
PP Forward
1 - 46% - 50% - 5:43
2 - 54% - 50% - 6:39
PP Defense
1 - 47% - 50% - 5:51
2 - 53% - 50% - 6:31
PK Forward
1 - 48% - 50% - 0:59
2 - 52% - 50% - 1:04
PK Defense
1 - 50% - 50% - 1:01
2 - 50% - 50% - 1:02
PK3 Forward
1 - 0% - 55%
2 - 0% - 45%
PK3 Defense
1 - 0% - 50%
2 - 0% - 50%
44 Forward
1 - 0% - 50%
2 - 0% - 50%
44 Defense
1 - 0% - 50%
2 - 0% - 50%
Last Minute Offensive  - 0:00
Last Minute Defensive  - 0:28
Total
Forward - 60:00
Defense - 60:00

% Time on Ice - Bruins

Lines # - Real PCT - Wanted PCT - Time Play
Normal Forward
1 - 30% - 40% - 13:19
2 - 28% - 30% - 12:35
3 - 29% - 25% - 12:54
4 - 13% - 5% - 5:50
Normal Defense
1 - 36% - 35% - 16:17
2 - 31% - 30% - 13:51
3 - 21% - 22% - 9:10
4 - 12% - 13% - 5:20
PP Forward
1 - 37% - 60% - 0:46
2 - 63% - 40% - 1:17
PP Defense
1 - 3% - 60% - 0:04
2 - 97% - 40% - 1:59
PK Forward
1 - 70% - 60% - 8:43
2 - 30% - 40% - 3:39
PK Defense
1 - 68% - 60% - 8:23
2 - 32% - 40% - 3:59
PK3 Forward
1 - 0% - 60%
2 - 0% - 40%
PK3 Defense
1 - 0% - 60%
2 - 0% - 40%
44 Forward
1 - 0% - 60%
2 - 0% - 40%
44 Defense
1 - 0% - 60%
2 - 0% - 40%
Last Minute Offensive  - 0:57
Last Minute Defensive  - 0:00
Total
Forward - 60:00
Defense - 60:00

Play by Play

1st period


0:01 of 1st period - Anze Kopitar wins face-off versus Henrik Sedin in neutral zone.
0:49 of 1st period - Shea Weber is hit by Jaden Schwartz and loses puck.
2:05 of 1st period - Slapshot by Anton Lander.
2:05 of 1st period - Shot Hit the Post.
2:15 of 1st period - Anton Lander is hit by Chris Kunitz and loses puck.
2:39 of 1st period - Off-side.
2:40 of 1st period - Jim Slater wins face-off versus Mikael Backlund in neutral zone.
2:51 of 1st period - Nate Guenin is hit by John Klingberg and loses puck.
3:52 of 1st period - Mirco Mueller is hit by Martin St. Louis and loses puck.
4:20 of 1st period - Backhand shot by Henrik Sedin.
4:20 of 1st period - Shot Misses the Net.
4:40 of 1st period - Minor Penalty to Matt Hendricks for Tripping.
4:41 of 1st period - Jason Spezza wins face-off versus Anze Kopitar in Bruins zone.
4:55 of 1st period - Slapshot by Dougie Hamilton.
4:55 of 1st period - Deflect By Jason Pominville.
4:55 of 1st period - Stopped by Semyon Varlamov with a rebound.
4:59 of 1st period - Wrist shot by Jason Spezza.
4:59 of 1st period - Shot Misses the Net.
5:01 of 1st period - Slapshot by Dougie Hamilton.
5:01 of 1st period - Shot Blocked by Anze Kopitar.
5:03 of 1st period - Slapshot by Jason Pominville.
5:03 of 1st period - Shot Misses the Net.
5:05 of 1st period - Snap shot by Jaden Schwartz.
5:05 of 1st period - Stopped by Semyon Varlamov without a rebound.
5:06 of 1st period - Anze Kopitar wins face-off versus Sean Monahan in Bruins zone.
5:39 of 1st period - Snap shot by Sean Monahan.
5:39 of 1st period - Shot Misses the Net.
5:41 of 1st period - Snap shot by Sean Monahan.
5:41 of 1st period - Stopped by Semyon Varlamov without a rebound.
5:42 of 1st period - Jason Spezza wins face-off versus Anze Kopitar in Bruins zone.
5:45 of 1st period - Snap shot by Jason Spezza.
5:45 of 1st period - Deflect By Paul Martin.
5:45 of 1st period - Shot Blocked by Shea Weber.
5:45 of 1st period - Puck is out of play.
5:46 of 1st period - Jason Spezza wins face-off versus Anze Kopitar in Bruins zone.
5:53 of 1st period - Snap shot by Jason Pominville.
5:53 of 1st period - Shot Misses the Net.
5:55 of 1st period - Wrist shot by Dougie Hamilton.
5:55 of 1st period - Stopped by Semyon Varlamov without a rebound.
5:56 of 1st period - Anze Kopitar wins face-off versus Jason Spezza in Bruins zone.
6:40 of 1st period - Penalty to Matt Hendricks is over, Matt Hendricks is back on ice.
6:49 of 1st period - Jeff Petry is hit by Martin St. Louis and loses puck.
6:56 of 1st period - Anton Lander is hit by Brian Campbell and loses puck.
7:13 of 1st period - Sean Monahan is hit by Nick Holden and loses puck.
7:34 of 1st period - Nick Holden is hit by Mikael Backlund and loses puck.
7:43 of 1st period - TJ Brodie is hit by Nick Holden and loses puck.
8:18 of 1st period - Shea Weber is hit by David Savard and loses puck.
8:47 of 1st period - Snap shot by Jaden Schwartz.
8:47 of 1st period - Stopped by Semyon Varlamov with a rebound.
8:49 of 1st period - Slapshot by TJ Brodie.
8:49 of 1st period - Stopped by Semyon Varlamov with a rebound.
8:51 of 1st period - Snap shot by John Klingberg.
8:51 of 1st period - Shot Misses the Net.
8:53 of 1st period - Slapshot by TJ Brodie.
8:53 of 1st period - Deflect By Nick Holden.
8:53 of 1st period - Stopped by Semyon Varlamov with a rebound.
8:55 of 1st period - Snap shot by Henrik Sedin.
8:55 of 1st period - Shot Misses the Net.
8:57 of 1st period - Snap shot by Martin St. Louis.
8:57 of 1st period - Shot Blocked by Nick Holden.
8:59 of 1st period - Wrist shot by John Klingberg.
8:59 of 1st period - Shot Blocked by Nate Guenin.
9:01 of 1st period - Snap shot by TJ Brodie.
9:01 of 1st period - Deflect By Martin St. Louis.
9:01 of 1st period - Shot Misses the Net.
9:01 of 1st period - Puck is out of play.
9:02 of 1st period - Sean Monahan wins face-off versus Cody Eakin in Bruins zone.
10:31 of 1st period - Snap shot by Jason Spezza.
10:31 of 1st period - Stopped by Semyon Varlamov without a rebound.
10:32 of 1st period - Jason Spezza wins face-off versus Jim Slater in Bruins zone.
10:36 of 1st period - Backhand shot by Chris Kunitz.
10:36 of 1st period - Stopped by Semyon Varlamov with a rebound.
10:38 of 1st period - Wrist shot by Brian Campbell.
10:38 of 1st period - Shot Blocked by Mirco Mueller.
10:40 of 1st period - Wrist shot by Jason Spezza.
10:40 of 1st period - Shot Misses the Net.
10:42 of 1st period - Slapshot by David Savard.
10:42 of 1st period - Shot Blocked by Mikkel Boedker.
10:44 of 1st period - Slapshot by David Savard.
10:44 of 1st period - Stopped by Semyon Varlamov with a rebound.
11:23 of 1st period - Wrist shot by Henrik Sedin.
11:23 of 1st period - Shot Blocked by Mirco Mueller.
11:39 of 1st period - Alex Killorn is hit by Jaden Schwartz and loses puck.
12:06 of 1st period - Mikael Backlund is hit by Jiri Sekac and loses puck.
12:37 of 1st period - Wrist shot by Shane Doan.
12:37 of 1st period - Shot Misses the Net.
13:35 of 1st period - Off-side.
13:36 of 1st period - Jason Spezza wins face-off versus Anton Lander in neutral zone.
14:14 of 1st period - Nate Guenin is hit by Brian Campbell and loses puck.
14:39 of 1st period - Wrist shot by Jaden Schwartz.
14:39 of 1st period - Shot Blocked by Nick Holden.
14:54 of 1st period - Minor Penalty to Jim Slater for Tripping.
14:55 of 1st period - Anze Kopitar wins face-off versus Sean Monahan in Bruins zone.
15:29 of 1st period - Wrist shot by Matt Hendricks.
15:29 of 1st period - Shot Blocked by John Klingberg.
15:54 of 1st period - Snap shot by Jason Pominville.
15:54 of 1st period - Shot Blocked by Matt Hendricks.
15:56 of 1st period - Slapshot by Dougie Hamilton.
15:56 of 1st period - Deflect By Matt Hendricks.
15:56 of 1st period - Stopped by Semyon Varlamov without a rebound.
15:57 of 1st period - Matt Duchene wins face-off versus Jason Spezza in Bruins zone.
16:18 of 1st period - Snap shot by Jason Spezza.
16:18 of 1st period - Deflect By Jason Pominville.
16:18 of 1st period - Shot Misses the Net.
16:18 of 1st period - Puck is out of play.
16:19 of 1st period - Anze Kopitar wins face-off versus Sean Monahan in Bruins zone.
16:48 of 1st period - John Klingberg is hit by Matt Hendricks and loses puck.
16:54 of 1st period - Penalty to Jim Slater is over, Jim Slater is back on ice.
16:58 of 1st period - Off-side.
16:59 of 1st period - Jason Spezza wins face-off versus Anton Lander in neutral zone.
17:24 of 1st period - David Savard is hit by Nick Holden and loses puck.
18:39 of 1st period - Mirco Mueller is hit by Dougie Hamilton and loses puck.
18:46 of 1st period - Wrist shot by Jason Pominville.
18:46 of 1st period - Stopped by Semyon Varlamov with a rebound.
18:52 of 1st period - Wrist shot by Sean Monahan.
18:52 of 1st period - Stopped by Semyon Varlamov without a rebound.
18:53 of 1st period - Anze Kopitar wins face-off versus Henrik Sedin in Bruins zone.
19:52 of 1st period - Jim Slater is hit by David Savard and loses puck.
Goals for this period are 0 for Flames vs 0 for Bruins.
Shots for this period are 13 for Flames vs 0 for Bruins.

2nd period


0:01 of 2nd period - Jason Spezza wins face-off versus Anze Kopitar in neutral zone.
0:42 of 2nd period - Jiri Sekac is hit by Chris Kunitz and loses puck.
1:03 of 2nd period - Wrist shot by Cody Eakin.
1:03 of 2nd period - Shot Blocked by TJ Brodie.
1:18 of 2nd period - Minor Penalty to Alex Killorn for Holding.
1:19 of 2nd period - Sean Monahan wins face-off versus Anze Kopitar in Bruins zone.
1:25 of 2nd period - Snap shot by TJ Brodie.
1:25 of 2nd period - Goal by TJ Brodie - Flames : 1 - Bruins : 0.
1:26 of 2nd period - Cody Eakin wins face-off versus Henrik Sedin in neutral zone.
2:57 of 2nd period - Slapshot by Jason Pominville.
2:57 of 2nd period - Stopped by Semyon Varlamov with a rebound.
2:59 of 2nd period - Snap shot by Jason Pominville.
2:59 of 2nd period - Shot Misses the Net.
3:43 of 2nd period - Snap shot by Brian Gionta.
3:43 of 2nd period - Stopped by Semyon Varlamov with a rebound.
3:51 of 2nd period - Wrist shot by Anton Lander.
3:51 of 2nd period - Stopped by Antti Niemi without a rebound.
3:52 of 2nd period - Anton Lander wins face-off versus Henrik Sedin in Flames zone.
4:17 of 2nd period - Snap shot by Anton Lander.
4:17 of 2nd period - Stopped by Antti Niemi without a rebound.
4:18 of 2nd period - Mikael Backlund wins face-off versus Cody Eakin in Flames zone.
4:18 of 2nd period - Mikael Backlund is hit by Shea Weber.
5:13 of 2nd period - Nate Guenin is hit by Chris Kunitz and loses puck.
5:30 of 2nd period - Wrist shot by Jason Spezza.
5:30 of 2nd period - Stopped by Semyon Varlamov without a rebound.
5:31 of 2nd period - Jim Slater wins face-off versus Henrik Sedin in Bruins zone.
6:08 of 2nd period - Snap shot by Jaden Schwartz.
6:08 of 2nd period - Shot Misses the Net.
6:14 of 2nd period - Minor Penalty to Jim Slater for Interference.
6:15 of 2nd period - Anze Kopitar wins face-off versus Sean Monahan in Bruins zone.
6:26 of 2nd period - Slapshot by Shea Weber.
6:26 of 2nd period - Stopped by Antti Niemi with a rebound.
7:02 of 2nd period - Jason Spezza is hit by Matt Hendricks and loses puck.
7:13 of 2nd period - Jeff Petry is hit by TJ Brodie and loses puck.
7:46 of 2nd period - Slapshot by Brian Campbell.
7:46 of 2nd period - Deflect By Nick Holden.
7:46 of 2nd period - Goal by Brian Campbell - Flames : 2 - Bruins : 0.
7:47 of 2nd period - Mikael Backlund wins face-off versus Anton Lander in neutral zone.
7:58 of 2nd period - Slapshot by Shane Doan.
7:58 of 2nd period - Shot Misses the Net.
8:40 of 2nd period - Cody Eakin is hit by Chris Kunitz and loses puck.
8:50 of 2nd period - Minor Penalty to Chris Kunitz for Interference.
8:51 of 2nd period - Henrik Sedin wins face-off versus Anze Kopitar in Flames zone.
9:32 of 2nd period - Mirco Mueller is hit by David Savard.
9:36 of 2nd period - Tommy Wingels is hit by Shane Doan and loses puck.
10:50 of 2nd period - Penalty to Chris Kunitz is over, Chris Kunitz is back on ice.
10:54 of 2nd period - Henrik Sedin is hit by Matt Duchene.
11:11 of 2nd period - Matt Hendricks is hit by John Klingberg and loses puck.
11:40 of 2nd period - Snap shot by Shea Weber.
11:40 of 2nd period - Shot Misses the Net.
11:42 of 2nd period - Slapshot by Paul Martin.
11:42 of 2nd period - Deflect By Anze Kopitar.
11:42 of 2nd period - Shot Blocked by TJ Brodie.
11:42 of 2nd period - Puck is out of play.
11:43 of 2nd period - Anze Kopitar wins face-off versus Jason Spezza in Flames zone.
11:52 of 2nd period - Slapshot by Shea Weber.
11:52 of 2nd period - Stopped by Antti Niemi with a rebound.
11:54 of 2nd period - Slapshot by Shea Weber.
11:54 of 2nd period - Stopped by Antti Niemi without a rebound.
11:55 of 2nd period - Jason Spezza wins face-off versus Anze Kopitar in Flames zone.
12:04 of 2nd period - Snap shot by Chris Kunitz.
12:04 of 2nd period - Shot Misses the Net.
12:26 of 2nd period - Minor Penalty to Nick Holden for Boarding.
12:27 of 2nd period - Anze Kopitar wins face-off versus Sean Monahan in Bruins zone.
12:45 of 2nd period - Slapshot by Dougie Hamilton.
12:45 of 2nd period - Stopped by Semyon Varlamov with a rebound.
12:47 of 2nd period - Snap shot by Sean Monahan.
12:47 of 2nd period - Shot Misses the Net.
13:40 of 2nd period - Wrist shot by Cody Eakin.
13:40 of 2nd period - Stopped by Antti Niemi with a rebound.
13:42 of 2nd period - Wrist shot by Cody Eakin.
13:42 of 2nd period - Stopped by Antti Niemi with a rebound.
13:44 of 2nd period - Slapshot by Cody Eakin.
13:44 of 2nd period - Shot Blocked by Dougie Hamilton.
13:50 of 2nd period - Snap shot by Cody Eakin.
13:50 of 2nd period - Shot Misses the Net.
13:52 of 2nd period - Slapshot by Nate Guenin.
13:52 of 2nd period - Stopped by Antti Niemi without a rebound.
13:53 of 2nd period - Matt Hendricks wins face-off versus Johnny Gaudreau in Flames zone.
14:26 of 2nd period - Penalty to Nick Holden is over, Nick Holden is back on ice.
14:55 of 2nd period - Matt Hendricks is hit by Brian Gionta and loses puck.
15:08 of 2nd period - Slapshot by Anton Lander.
15:08 of 2nd period - Shot Blocked by John Klingberg.
15:31 of 2nd period - Kris Russell is hit by Jiri Sekac and loses puck.
16:06 of 2nd period - Nick Holden is hit by Jaden Schwartz and loses puck.
16:21 of 2nd period - Slapshot by Jason Pominville.
16:21 of 2nd period - Stopped by Semyon Varlamov with a rebound.
17:38 of 2nd period - TJ Brodie is hit by Shea Weber and loses puck.
18:03 of 2nd period - Minor Penalty to Shea Weber for Tripping.
18:04 of 2nd period - Sean Monahan wins face-off versus Anze Kopitar in Bruins zone.
18:19 of 2nd period - Snap shot by Anze Kopitar.
18:19 of 2nd period - Stopped by Antti Niemi with a rebound.
18:21 of 2nd period - Wrist shot by Alex Killorn.
18:21 of 2nd period - Shot Misses the Net.
18:23 of 2nd period - Slapshot by Alex Killorn.
18:23 of 2nd period - Shot Misses the Net.
18:35 of 2nd period - Snap shot by Alex Killorn.
18:35 of 2nd period - Shot Misses the Net.
18:37 of 2nd period - Slapshot by Paul Martin.
18:37 of 2nd period - Stopped by Antti Niemi with a rebound.
19:33 of 2nd period - TJ Brodie is hit by Anton Lander and loses puck.
19:44 of 2nd period - Slapshot by Anton Lander.
19:44 of 2nd period - Goal by Anton Lander - Flames : 2 - Bruins : 1.
19:45 of 2nd period - Anze Kopitar wins face-off versus Sean Monahan in neutral zone.
Goals for this period are 2 for Flames vs 1 for Bruins.
Shots for this period are 7 for Flames vs 11 for Bruins.

3rd period


0:01 of 3rd period - Anze Kopitar wins face-off versus Jason Spezza in neutral zone.
0:03 of 3rd period - Penalty to Shea Weber is over, Shea Weber is back on ice.
0:27 of 3rd period - Wrist shot by Jaden Schwartz.
0:27 of 3rd period - Stopped by Semyon Varlamov with a rebound.
1:23 of 3rd period - Jeff Petry is hit by Shane Doan and loses puck.
1:37 of 3rd period - Minor Penalty to Jeff Petry for Tripping.
1:38 of 3rd period - Anze Kopitar wins face-off versus Sean Monahan in Bruins zone.
1:45 of 3rd period - Slapshot by Shea Weber.
1:45 of 3rd period - Shot Blocked by Sean Monahan.
2:07 of 3rd period - Paul Martin is hit by TJ Brodie and loses puck.
2:30 of 3rd period - Jaden Schwartz is hit by Matt Duchene and loses puck.
3:04 of 3rd period - John Klingberg is hit by Cody Eakin and loses puck.
3:33 of 3rd period - Anze Kopitar is hit by Jaden Schwartz and loses puck.
3:37 of 3rd period - Penalty to Jeff Petry is over, Jeff Petry is back on ice.
3:40 of 3rd period - Anze Kopitar is hit by Jaden Schwartz and loses puck.
4:00 of 3rd period - Jeff Petry is hit by Mikael Backlund and loses puck.
4:09 of 3rd period - Slapshot by Nick Holden.
4:09 of 3rd period - Stopped by Antti Niemi with a rebound.
5:25 of 3rd period - Nick Holden is hit by John Klingberg and loses puck.
5:38 of 3rd period - Nick Holden is hit by Johnny Gaudreau and loses puck.
7:02 of 3rd period - Snap shot by Matt Duchene.
7:02 of 3rd period - Shot Blocked by John Klingberg.
7:04 of 3rd period - Slapshot by Nate Guenin.
7:04 of 3rd period - Shot Blocked by TJ Brodie.
7:06 of 3rd period - Snap shot by Jiri Sekac.
7:06 of 3rd period - Stopped by Antti Niemi without a rebound.
7:07 of 3rd period - Sean Monahan wins face-off versus Anze Kopitar in Flames zone.
7:32 of 3rd period - Slapshot by Anton Lander.
7:32 of 3rd period - Shot Misses the Net.
7:56 of 3rd period - Minor Penalty to Tommy Wingels for Roughing.
7:57 of 3rd period - Sean Monahan wins face-off versus Anze Kopitar in Bruins zone.
8:11 of 3rd period - Snap shot by Johnny Gaudreau.
8:11 of 3rd period - Stopped by Semyon Varlamov with a rebound.
8:13 of 3rd period - Snap shot by John Klingberg.
8:13 of 3rd period - Deflect By Martin St. Louis.
8:13 of 3rd period - Stopped by Semyon Varlamov without a rebound.
8:14 of 3rd period - Matt Duchene wins face-off versus Martin St. Louis in Bruins zone.
8:23 of 3rd period - Shea Weber is hit by Johnny Gaudreau and loses puck.
8:44 of 3rd period - Wrist shot by Jason Spezza.
8:44 of 3rd period - Goal by Jason Spezza - Flames : 3 - Bruins : 1.
8:45 of 3rd period - Henrik Sedin wins face-off versus Anton Lander in neutral zone.
9:15 of 3rd period - Wrist shot by Mikkel Boedker.
9:15 of 3rd period - Stopped by Antti Niemi with a rebound.
9:17 of 3rd period - Slapshot by Jeff Petry.
9:17 of 3rd period - Stopped by Antti Niemi without a rebound.
9:18 of 3rd period - Jason Spezza wins face-off versus Anze Kopitar in Flames zone.
9:23 of 3rd period - Snap shot by Chris Kunitz.
9:23 of 3rd period - Stopped by Semyon Varlamov without a rebound.
9:24 of 3rd period - Jason Spezza wins face-off versus Anze Kopitar in Bruins zone.
9:35 of 3rd period - Snap shot by Jason Spezza.
9:35 of 3rd period - Stopped by Semyon Varlamov with a rebound.
10:55 of 3rd period - Wrist shot by Jason Pominville.
10:55 of 3rd period - Stopped by Semyon Varlamov with a rebound.
11:34 of 3rd period - Minor Penalty to Henrik Sedin for Holding.
11:35 of 3rd period - Cody Eakin wins face-off versus Mikael Backlund in Flames zone.
11:38 of 3rd period - Snap shot by Cody Eakin.
11:38 of 3rd period - Goal by Cody Eakin - Flames : 3 - Bruins : 2.
11:39 of 3rd period - Cody Eakin wins face-off versus Sean Monahan in neutral zone.
11:44 of 3rd period - Icing by Kris Russell.
11:45 of 3rd period - Cody Eakin wins face-off versus Sean Monahan in Flames zone.
11:48 of 3rd period - Snap shot by Alex Killorn.
11:48 of 3rd period - Stopped by Antti Niemi with a rebound.
11:50 of 3rd period - Snap shot by Alex Killorn.
11:50 of 3rd period - Stopped by Antti Niemi without a rebound.
11:51 of 3rd period - Cody Eakin wins face-off versus Sean Monahan in Flames zone.
12:43 of 3rd period - Kris Russell is hit by Jiri Sekac and loses puck.
12:48 of 3rd period - Snap shot by Matt Duchene.
12:48 of 3rd period - Stopped by Antti Niemi without a rebound.
12:49 of 3rd period - Henrik Sedin wins face-off versus Anze Kopitar in Flames zone.
12:49 of 3rd period - Henrik Sedin is hit by Anze Kopitar.
12:57 of 3rd period - Snap shot by Anze Kopitar.
12:57 of 3rd period - Shot Hit the Post.
12:59 of 3rd period - Slapshot by Jiri Sekac.
12:59 of 3rd period - Stopped by Antti Niemi with a rebound.
14:27 of 3rd period - Snap shot by Alex Killorn.
14:27 of 3rd period - Stopped by Antti Niemi with a rebound.
14:29 of 3rd period - Slapshot by Cody Eakin.
14:29 of 3rd period - Deflect By Alex Killorn.
14:29 of 3rd period - Shot Misses the Net.
14:29 of 3rd period - Puck is out of play.
14:30 of 3rd period - Mikael Backlund wins face-off versus Jim Slater in Flames zone.
14:53 of 3rd period - Wrist shot by Shane Doan.
14:53 of 3rd period - Stopped by Semyon Varlamov with a rebound.
14:55 of 3rd period - Slapshot by Kris Russell.
14:55 of 3rd period - Deflect By Nick Holden.
14:55 of 3rd period - Stopped by Semyon Varlamov without a rebound.
14:56 of 3rd period - Henrik Sedin wins face-off versus Anze Kopitar in Bruins zone.
15:41 of 3rd period - Jaden Schwartz is hit by Shea Weber and loses puck.
16:15 of 3rd period - Shea Weber is hit by Kris Russell and loses puck.
16:40 of 3rd period - Kris Russell is hit by Matt Hendricks and loses puck.
16:53 of 3rd period - Shea Weber is hit by Shane Doan and loses puck.
17:37 of 3rd period - Wrist shot by Chris Kunitz.
17:37 of 3rd period - Stopped by Semyon Varlamov with a rebound.
17:39 of 3rd period - Slapshot by Brian Campbell.
17:39 of 3rd period - Shot Misses the Net.
17:47 of 3rd period - Slapshot by Chris Kunitz.
17:47 of 3rd period - Stopped by Semyon Varlamov with a rebound.
17:49 of 3rd period - Wrist shot by Jason Spezza.
17:49 of 3rd period - Stopped by Semyon Varlamov without a rebound.
17:50 of 3rd period - Henrik Sedin wins face-off versus Jim Slater in Bruins zone.
17:53 of 3rd period - Wrist shot by Jaden Schwartz.
17:53 of 3rd period - Stopped by Semyon Varlamov with a rebound.
18:09 of 3rd period - Wrist shot by Anze Kopitar.
18:09 of 3rd period - Stopped by Antti Niemi with a rebound.
18:11 of 3rd period - Snap shot by Anze Kopitar.
18:11 of 3rd period - Shot Misses the Net.
18:43 of 3rd period - David Savard is hit by Matt Hendricks.
19:09 of 3rd period - Bruins, Semyon Varlamov is pulled from the net.
19:15 of 3rd period - Snap shot by Matt Duchene.
19:15 of 3rd period - Shot Misses the Net.
19:29 of 3rd period - Snap shot by Matt Duchene.
19:29 of 3rd period - Shot Misses the Net.
19:31 of 3rd period - Wrist shot by Anze Kopitar.
19:31 of 3rd period - Stopped by Antti Niemi without a rebound.
19:32 of 3rd period - Patrick Roy call a timeout for Bruins.
19:32 of 3rd period - Mikael Backlund wins face-off versus Anze Kopitar in Flames zone.
19:47 of 3rd period - Wrist shot by Matt Duchene.
19:47 of 3rd period - Stopped by Antti Niemi with a rebound.
19:49 of 3rd period - Slapshot by Shea Weber.
19:49 of 3rd period - Shot Blocked by Shane Doan.
Goals for this period are 1 for Flames vs 1 for Bruins.
Shots for this period are 13 for Flames vs 13 for Bruins.